Map: Central Protocol

Players

PartinG - Winner!

  • Race: Protoss Protoss
  • League: Platinum

TYTY (TY)

  • Race: Terran Terran
  • League: Diamond

Event: DreamHack ROCCAT LotV Championship

VOD

https://www.youtube.com/watch?v=3qzSlRmTCDY&feature=youtu.be&t=14m25s

Description

Time

  • Played on: Nov. 28, 2015, 7:06 a.m.
  • Length: 4:54

All games in this series

Show
View Real Time Build Order
Export as new Build Order

PartinG Protoss - Winner!

Build Orders: Oracle Opening 

Get SALT Encoding   

  12  0:00  Probe (Chrono Boost)  
  13  0:11  Probe (Chrono Boost)  
  14  0:18  Pylon  
  14  0:22  Probe (Chrono Boost)  
  15  0:37  Probe (Chrono Boost)  
  15  0:40  Gateway  
  16  0:44  Assimilator  
  16  0:47  Probe (Chrono Boost)  
  17  0:56  Assimilator  
  17  0:58  Probe (Chrono Boost)  
  18  1:11  Probe (Chrono Boost)  
  19  1:13  Gateway  
  19  1:21  Probe (Chrono Boost)  
  20  1:28  Cybernetics Core  
  20  1:33  Probe (Chrono Boost)  
  21  1:43  Pylon  
  21  1:44  Probe (Chrono Boost)  
  22  1:54  Probe (Chrono Boost)  
  23  2:04  Adept x2  
  23  2:06  Warp Gate (Chrono Boost)  
  27  2:12  Pylon  
  27  2:31  Adept x2  
  27  2:36  Stargate  
  31  2:46  Gateway  
  31  2:59  Gateway  
  31  3:02  Pylon  
  31  3:19  Oracle (Chrono Boost)  
  34  3:52  Oracle (Chrono Boost)  
  34  3:55  Stalker x3  
  39  3:57  Pylon  
  39  3:59  Stalker  
  45  4:20  Stalker x2  
  49  4:24  Stalker  
  49  4:35  Stalker  
Show
View Real Time Build Order
Export as new Build Order

TYTY Terran 

Build Orders:  

Get SALT Encoding   

  12  0:00  SCV  
  13  0:13  SCV  
  14  0:20  Supply Depot  
  14  0:25  SCV  
  15  0:42  SCV  
  16  0:43  Barracks  
  16  0:46  Refinery  
  16  0:54  SCV  
  17  1:06  SCV  
  18  1:18  SCV  
  19  1:31  Barracks Reactor, Orbital Command  
  19  1:48  Command Center  
  19  1:58  Supply Depot  
  19  1:59  SCV  
  20  2:07  Bunker  
  20  2:09  Marine  
  20  2:13  Marine  
  22  2:15  SCV  
  23  2:26  Factory  
  23  2:29  Marine  
  24  2:33  Marine  
  26  2:37  SCV  
  26  2:47  Marine  
  26  2:50  SCV, Marine  
  29  3:01  Orbital Command  
  29  3:02  SCV  
  29  3:04  Marine  
  31  3:08  Marine  
  31  3:09  Factory Tech Lab  
  32  3:15  SCV  
  33  3:22  Marine  
  33  3:27  SCV  
  35  3:29  Cyclone  
  35  3:30  Marine  
  39  3:37  SCV  
  39  3:39  SCV, Supply Depot  
  39  3:40  Marine  
  42  3:44  Refinery  
  42  3:47  Marine  
  43  3:55  Barracks  
  43  3:59  Marine  
  43  4:01  Siege Tank  
  47  4:05  SCV x2, Marine  
  48  4:17  SCV x2, Marine  
  48  4:23  Marine  
  51  4:26  Supply Depot x2  
  51  4:27  Supply Depot  
  49  4:34  Marine  

Tags
 
Add a new tag
Caveats
  • Supply blocks, unpowered buildings, or Contaminate may cause inaccurate times.
  • Supply counts are checked every 10 seconds.